 Dungeon Crawl Stone Soup version 0.29-a0-222-g5b244fca1f (webtiles) character file.

Game seed: 496023757616899677

28 Morbidden the Skirmisher (level 3, 24/29 HPs)
             Began as a Demonspawn Fighter on Feb 27, 2022.
             Quit the game on level 2 of the Dungeon.
             The game lasted 00:01:26 (1722 turns).

Morbidden the Skirmisher (Demonspawn Fighter)       Turns: 1722, Time: 00:01:27

Health: 24/29      AC:  7    Str: 16    XL:     3   Next: 0%
Magic:  3/3        EV:  8    Int: 11    God:
Gold:   71         SH:  4    Dex: 12    Spells: 1/2 levels left

rFire   . . .      SeeInvis .   a - +0 long sword
rCold   . . .      Faith    .   c - +0 buckler
rNeg    . . .      Spirit   .   b - +0 scale mail
rPois   .          Reflect  .   (helmet restricted)
rElec   .          Harm     .   (no cloak)
rCorr   .          Rampage  .   (no gloves)
Will    .....                   i - +0 pair of boots
Stlth   ..........              (no amulet)
HPRegen 0.09/turn               (no ring)
MPRegen 0.08/turn               (no ring)

@: no status effects
A: antennae 1, ignite blood 1
a: no special abilities


You were on level 2 of the Dungeon.
You visited 1 branch of the dungeon, and saw 2 of its levels.

You collected 71 gold pieces.

Inventory:

Hand Weapons
 a - a +0 long sword (weapon)
Missiles
 l - 92 stones (quivered)
Armour
 b - a +0 scale mail (worn)
 c - a +0 buckler (worn)
 i - a +0 pair of boots (worn)
Scrolls
 g - a scroll of vulnerability {unknown}
 j - a scroll of magic mapping {unknown}
 m - 2 scrolls of teleportation {unknown}
 n - a scroll of enchant weapon {unknown}
 o - a scroll of identify {unknown}
 q - a scroll of fear {unknown}
Potions
 d - a potion of might
 e - a potion of haste {unknown}
 f - a potion of resistance {unknown}
 h - a potion of cancellation {unknown}
 k - a potion of ambrosia {unknown}
 p - a potion of brilliance {unknown}


   Skills:
 * Level 3.2 Fighting
 * Level 2.3 Long Blades
 + Level 3.0 Armour
 + Level 3.0 Shields


You had one spell level left.
You knew the following spells:

 Your Spells              Type           Power      Damage    Failure   Level
a - Sandblast             Erth           0%         2d4       86%         1

Your spell library contained the following spells:

 Spells                   Type           Power      Damage    Failure   Level
 Passwall                 Tmut/Erth      0%         N/A       94%         2
 Static Discharge         Conj/Air       0%         N/A       94%         2
 Stone Arrow              Conj/Erth      0%         3d7       99%         3
 Lightning Bolt           Conj/Air       0%         1d11      100%        5
 Maxwell's Capacitive Co  Air            0%         ∞         100%        8


Dungeon Overview and Level Annotations

Branches:
Dungeon (2/15)

Altars:


Innate Abilities, Weirdness & Mutations

You have a pair of small antennae on your head.
Your demonic aura sometimes causes spilled blood to erupt in flames.


Message History

No target in view!
No target in view!
No target in view!
No target in view!
No target in view!
No target in view!
No target in view!
What are your orders? t - Shout!
Orders for allies: a - Attack new target. r - Retreat! s - Stop attacking. g - Guard the area. f - Follow me.
Anything else - Cancel.
You shout for attention!
The ball python bites you but does no damage.
The ball python grabs you. The ball python constricts you.
You barely miss the ball python.
The ball python bites you but does no damage.
The ball python constricts you.
The ball python bites you but does no damage.
The ball python constricts you.
You closely miss the ball python. The ball python bites you.
The ball python constricts you.
The ball python bites you but does no damage.
The ball python constricts you.
You hit the ball python but do no damage.
The ball python barely misses you. The ball python constricts you.
You barely miss the ball python. The ball python bites you.
The ball python constricts you. The ball python barely misses you.
The ball python constricts you.
You hit the ball python.
You kill the ball python!
You have reached level 3!
Your experience leads to an increase in your attributes!
Increase (S)trength, (I)ntelligence, or (D)exterity?
You feel clever. x2; Your demonic ancestry asserts itself...
A pair of antennae grows on your head!
Unknown command.
Unknown command.
Are you sure you want to abandon this character and quit the game? (Confirm with "yes".)

#.....###).....##.#
#..............##.#
#.................#
..................#######
................>.......#
.#.#..##.....##...#####.#
.......#.##..##<....# #.#
..................#####.#
.#.#.###.....###@....##.####
.........###.###†..........#
....########..##.###.#######
..#.###..........# #.#
..)...+..........# ###
....###..........#
....###..........#
......#..........#
......#..........#


There were no monsters in sight!

Vanquished Creatures
  4 ball pythons
  2 endoplasms (D:2)
  4 goblins (D:2)
  5 hobgoblins
  A quokka (D:2)
  A bat (D:1)
  4 kobolds
  3 rats
24 creatures vanquished.

Notes
Turn   | Place    | Note
-------+----------+-------------------------------------------
     0 | D:1      | Morbidden the Demonspawn Fighter began the quest for the
                  | Orb.
     0 | D:1      | Reached XP level 1. HP: 18/18 MP: 1/1
   473 | D:1      | Gained mutation: Your demonic aura sometimes causes spilled
                  | blood to erupt in flames. [demonic ancestry]
   473 | D:1      | Reached XP level 2. HP: 24/24 MP: 2/2
  1053 | D:2      | Learned a level 1 spell: Sandblast
  1722 | D:2      | Gained mutation: You have a pair of small antennae on your
                  | head. [demonic ancestry]
  1722 | D:2      | Reached XP level 3. HP: 24/29 MP: 3/3
  1722 | D:2      | Quit the game

Illustrated notes

Levels and vault maps discovered:
D:1:      wander_arrival_desolate, layout_basic
D:2:      layout_basic, chequers_decorated_corner

Skill      XL: |  1  2 |
---------------+-------+-----
Long Blades    | 2 |  2.3
Armour         | 3 |  3.0
Shields        | 3 |  3.0
Fighting       | |  3.2

Action                   || total
-------------------------++-------
Melee: Long sword        ||    75
Armor: Scale mail        ||    37
Dodge: Dodged            ||    28
Block: Buckler           ||     8

Table legend: (Time is in decaauts)
 A = Elapsed time spent in this place.
 B = Non-inter-level travel time spent in this place.
 C = Inter-level travel time spent in this place.
 D = Time resting spent in this place.
 E = Time spent auto-exploring this place.
 F = Levels seen in this place.
 G = Mean time per level.
                   A        B        C        D        E       F      G
               +--------+--------+--------+--------+--------+-----+--------+
         Total |   1747 |   1691 |     56 |      0 |   1461 |   2 |  873.5 |
       Dungeon |   1747 |   1691 |     56 |      0 |   1461 |   2 |  873.5 |
               +--------+--------+--------+--------+--------+-----+--------+

Top non-repeatable levels by time:
     D:1: 975 daAuts
     D:2: 771 daAuts
